 Dungeon Crawl Stone Soup version 0.25-a0-492-g44cc58d149 (webtiles) character file.

Game seed: 15618083917038172110, levelgen mode: deterministic

49 kae the Skirmisher (level 3, 0/29 HPs)
             Began as a Demonspawn Fighter on Feb 11, 2020.
             Succumbed to an adder's poison
             ... on level 2 of the Dungeon.
             The game lasted 00:01:00 (1039 turns).

kae the Skirmisher (Demonspawn Fighter)             Turns: 1039, Time: 00:01:01

Health: 0/29       AC:  8    Str: 16    XL:     3   Next: 53%
Magic:  3/3        EV:  7    Int:  9    God:
Gold:   74         SH:  8    Dex: 13    Spells: 2/2 levels left

rFire    . . .     SeeInvis .     - Unarmed
rCold    . . .     Gourm    .   b - +0 kite shield
rNeg     . . .     Faith    .   a - +0 scale mail
rPois    +         Spirit   .   (no helmet)
rElec    .         Reflect  .   e - +1 cloak
rCorr    .         Harm     .   (no gloves)
MR       .....     Clarity  +   (no boots)
Stlth    ..........             (no amulet)
HPRegen  0.09/turn              (no ring)
MPRegen  0.08/turn              (no ring)

@: lethally poisoned (0 -> -4), hasted, very quick
A: clarity, poison resistance, sturdy frame 1
a: no special abilities


You were on level 2 of the Dungeon.
You were hungry.

You visited 1 branch of the dungeon, and saw 2 of its levels.

You collected 74 gold pieces.

Inventory:

Armour
 a - a +0 scale mail (worn)
 b - a +0 kite shield (worn)
 e - a +1 cloak (worn)
Scrolls
 f - a scroll of fog {unknown}
 h - a scroll of blinking {unknown}
 i - 2 scrolls of enchant armour {unknown}
 j - 2 scrolls of enchant weapon {unknown}
 k - a scroll of remove curse {unknown}
Potions
 c - a potion of might
Comestibles
 d - 2 rations


   Skills:
 + Level 3.5 Fighting
 - Level 2.6 Armour
 - Level 2.6 Shields
 * Level 3.1 Unarmed Combat


You had 2 spell levels left.
You didn't know any spells.
Your spell library was empty.

Dungeon Overview and Level Annotations

Branches:
Dungeon (2/15)

Altars:


Innate Abilities, Weirdness & Mutations

Your movements are slightly less encumbered by armour. (ER -2)
You possess an exceptional clarity of mind.
Your system is resistant to poisons. (rPois)


Message History

You kill the adder!
* * * LOW HITPOINT WARNING * * *
You feel sick.
You close the door, pushing everything out of the way.
* * * LOW HITPOINT WARNING * * *
You feel sick.
A kobold opens the door.
You see here a bat corpse.
* * * LOW HITPOINT WARNING * * *
You feel sick.
Okay, then.
* * * LOW HITPOINT WARNING * * *
You feel sick.
* * * LOW HITPOINT WARNING * * *
You feel sick.
* * * LOW HITPOINT WARNING * * *
You feel sick.
As you open the large door, it creaks loudly!
There is a large open door here.
There is a large open door here.
You die...

##'##.....#..# #..#......#..
##### #K.#.###....###.##..##..##.
..≈≈≈ ##K#.#####......#..####..#.
≈≈≈≈≈≈ #l#.....+......#..####..#.
≈≈≈≈≈≈##r#######......##..##..##.
≈≈≈≈.r†(..# #......)#......#..
≈≈≈≈≈.....# ##'###..##....##†.
♣≈≈≈.......# ###'####..#....#...
≈≈≈≈.......# #^@..............#.
≈≈≈≈.≈......# #.....##...........
≈≈≈≈≈.....#.# #.....#############
≈≈≈≈≈.....#.# #.....#
≈≈≈≈≈.....#.# ###'### ..≈.≈.....#
#.# #.# ##....#.# #.....#.#


There were no monsters in sight!

Vanquished Creatures
  An adder (D:2)
  2 dart slugs (D:2)
  2 leopard geckos
  An orc (D:2)
  2 bats
  3 giant cockroaches
  8 goblins
  3 hobgoblins
  5 kobolds
  2 rats
29 creatures vanquished.

Notes
Turn   | Place    | Note
-------+----------+-------------------------------------------
     0 | D:1      | kae the Demonspawn Fighter began the quest for the Orb.
     0 | D:1      | Reached XP level 1. HP: 18/18 MP: 1/1
   329 | D:1      | Gained mutation: Your movements are slightly less
                  | encumbered by armour. (ER -2) [demonic ancestry]
   329 | D:1      | Reached XP level 2. HP: 19/24 MP: 2/2
   899 | D:2      | Reached XP level 3. HP: 28/29 MP: 3/3
  1015 | D:2      | Gained mutation: You possess an exceptional clarity of
                  | mind. [potion of mutation]
  1015 | D:2      | Gained mutation: You are frail. (-10% HP) [potion of
                  | mutation]
  1015 | D:2      | Gained mutation: Your system is resistant to poisons.
                  | (rPois) [potion of mutation]
  1015 | D:2      | Lost mutation: You are frail. (-10% HP) [potion of
                  | mutation]
  1035 | D:2      | HP: 1/29 [poisoned by an adder]
  1039 | D:2      | Succumbed to an adder's poison

Levels and vault maps discovered:
D:1:      minmay_arrival_four_houses, layout_basic, minmay_large_rounded_square
D:2:      layout_basic, chequers_ecumenical_altar_island, first_ration,
          minmay_misc_feat_iff

Skill      XL: |  1  2  3 |
---------------+----------+-----
Unarmed Combat | 2 3 |  3.1
Fighting       | |  3.5
Armour         | |  2.6
Shields        | |  2.6

Action                   || total
-------------------------++-------
Melee: Unarmed           ||   128
  Use: Potion            ||     2
Armor: Scale mail        ||    71
Dodge: Dodged            ||    41
Block: Kite shield       ||    87

Table legend:
 A = Non-vault XP
 B = Vault XP
 C = Vault XP percentage of total XP
 D = Non-vault monster count
 E = Vault monster count
 F = Vault count percentage of total count
                 A         B        C        D         E       F
            +---------+---------+-------+---------+---------+-------
      Total |      71 |       0 |   0.0 |      29 |       0 |   0.0
            +---------+---------+-------+---------+---------+-------
        D:1 |      32 |       0 |   0.0 |      17 |       0 |   0.0
        D:2 |      39 |       0 |   0.0 |      12 |       0 |   0.0
            +---------+---------+-------+---------+---------+-------
